 Dungeon Sprint DCSS version 0.29-a0-824-gd827844252 (webtiles) character file.

Game seed: 3254166026186268791

7700000 Garessta the Conqueror (level 27, -5/228 HPs)
             Began as a Djinni Warper on July 10, 2022.
             Was the Champion of Makhleb.
             Slain by a meat berserker
             ... wielding a +9 battleaxe
              (47 damage)
             ... in the Dungeon (Sprint VIII: "Arena of Blood").
             The game lasted 00:08:56 (77 turns).

Garessta the Conqueror (Djinni Warper)                Turns: 77, Time: 00:08:57

Health: -5/228     AC:  6    Str: 10    XL:     27
Gold:   0          EV: 25    Int: 28    God:    Makhleb [******] SH:  0 Dex: 14

rFire   + + .      SeeInvis +   h - +∞ Axe of Woe
rCold   x . .      Faith    .   (shield currently unavailable)
rNeg    . . .      Spirit   .   a - +0 leather armour
rPois   ∞          Reflect  .   (no helmet)
rElec   .          Harm     .   (no cloak)
rCorr   .          Rampage  .   (no gloves)
Will    ++...      NoTele   +   (boots unavailable)
Stlth   +++++++++.              (no amulet)
HPRegen 0.48/turn               i - ring of see invisible
MPRegen 0.00/turn               (no ring)

@: marked, flying
A: sickness immunity, fire resistance 2, cold vulnerability 1, float, innate
caster, HP casting, extra vitality 1
a: Renounce Religion, Minor Destruction, Lesser Servant of Makhleb, Major
Destruction, Greater Servant of Makhleb


You were in the Dungeon.
You worshipped Makhleb.
Makhleb was exalted by your worship.
You visited 1 branch

Inventory:

Hand Weapons
 h - the +∞ Axe of Woe (weapon)
   (You found it in the Dungeon)
Missiles
 c - 7 boomerangs of dispersal
Armour
 a - a +0 leather armour (worn)
Jewellery
 i - a ring of see invisible (left hand)
Potions
 d - a potion of curing
 e - a potion of heal wounds
 f - a potion of haste
 g - a potion of berserk rage


   Skills:
 O Level 27 Fighting
 O Level 27 Short Blades
 O Level 27 Long Blades
 O Level 27 Axes
 O Level 27 Maces & Flails
 O Level 27 Polearms
 O Level 27 Staves
 O Level 27 Ranged Weapons
 O Level 27 Throwing
 O Level 27 Armour
 O Level 27 Dodging
 O Level 27 Stealth
 O Level 27 Shields
 O Level 27 Unarmed Combat
 O Level 27 Spellcasting
 O Level 27 Invocations
 O Level 27 Evocations


You couldn't memorise any spells.
You knew the following spells:

 Your Spells              Type           Power      Damage    Failure   Level
a - Dispersal             Tloc           56%        N/A       0%          6
b - Infestation           Necr           56%        N/A       1%          8
c - Haunt                 Necr/Summ      56%        N/A       0%          7
d - Summon Horrible Thin  Summ           56%        N/A       1%          8
e - Malign Gateway        Summ/Tloc      56%        N/A       0%          7
f - Magic Dart            Conj           100%       1d8       0%          1
g - Passwall              Tmut/Erth      93%        N/A       0%          2
h - Stone Arrow           Conj/Erth      100%       3d13      0%          3
i - Hailstorm             Conj/Ice       100%       3d20      0%          4
j - Lightning Bolt        Conj/Air       56%        1d78      0%          5
k - Metabolic Englaciati  Hex/Ice        56%        N/A       0%          5
l - Statue Form           Tmut/Erth      74%        N/A       0%          6
m - Manifold Assault      Tloc           100%       N/A       0%          5
n - Blink                 Tloc           100%       N/A       0%          2
o - Lesser Beckoning      Tloc           100%       N/A       0%          3
p - Gell's Gravitas       Tloc           100%       N/A       0%          3
q - Teleport Other        Tloc           100%       N/A       0%          3
r - Fire Storm            Conj/Fire      56%        8d14      1%          9
Your spell library was empty.

Dungeon Overview and Level Annotations

Branches:
Dungeon (1/1)

Altars:
Makhleb


Innate Abilities, Weirdness & Mutations

You are immune to sickness and miasma.
You are immune to poison.
Your flesh is very heat resistant. (rF++)
You are vulnerable to cold. (rC-)
You float through the air rather than walking.
You learn spells naturally, not from books.
Your magical power is your life essence.
You have superior vitality. (+4 MHP)


Message History

You slice the destroyer!!
You butcher the destroyer messily.
You destroy the destroyer!
Makhleb accepts your kill.
You slash the bag of meat!
You pulverise the bag of meat into a thin bloody mist.
You kill the bag of meat!
Makhleb accepts your kill.
You slice the meat berserker!!
You slaughter the meat berserker joyfully.
You kill the meat berserker!
Makhleb accepts your kill.
The wretched soul appears out of thin air!
A wretched soul comes into view.
A meat beast comes into view.
A meat berserker comes into view. It is wielding a +9 battleaxe.
The destroyer casts a spell at you.
The destroyer blinks!
A meat berserker comes into view. It is wielding a +9 battleaxe.
The dread calls on the powers of darkness!
The bag of meat convulses! x2; The meat berserker convulses!
The eight-headed meat hydra convulses!
Your body is wracked with pain!
The meat berserker convulses! x2; The bag of meat convulses!
The large bag of meat convulses!
Flame seeps out of the large bag of meat.
The meat berserker convulses!
The bag of meat convulses!
The accursed points at you and mumbles some strange words.
Something smites you!
The dread calls on the powers of darkness!
The meat berserker convulses!
The bag of meat convulses!
The meat berserker convulses!
The eight-headed meat hydra convulses!
The bag of meat convulses!
Your body is wracked with pain!
* * * LOW HITPOINT WARNING * * *
The meat berserker convulses!
The bag of meat convulses!
The meat berserker convulses! x2; The bag of meat convulses!
The meat berserker convulses! x3; The bag of meat convulses! x2
The accursed casts a spell at you. Something smites you!
* * * LOW HITPOINT WARNING * * *
A dread comes into view.
The meat berserker hits you with a +9 battleaxe!!!
You die... .) .. #oX

..# #.W o2# o###Xo
§M.###O.o
O§2§Wo..###OoOO.M..
#....2O.o_§.M......
..O.o.#X)...#......
......#_OV)_#......
......#)O@)D#......
#.....O))_).oWO.W..
..O...)o###MO.§§o..
o###....)))###)L.
...#§).))).#....
...#)§..)))#..).
.).§§...).))..).
..)...O))....)..#
......)O...)...#..


You could see 3 accurseds, 2 meat beasts, an eight-headed meat hydra, a
destroyer, a large bag of meat (inner flame), 3 large abominations, 3 dreads, 9
meat berserkers, a wretched soul (wandering, invisible) and 10 bags of meat.

Vanquished Creatures
  Sigmund (D)
  8 hell beasts (D)
  2 wraiths (D)
  14 vampire knights (D)
  39 ogres (D)
  4 two-headed ogres (D)
  3 liches (D)
  40 orcs (D)
  8 skeletal warriors (D)
119 creatures vanquished.

Notes
Turn   | Place    | Note
-------+----------+-------------------------------------------
     0 | D        | Found the +∞ Axe of Woe
     0 | D        | Garessta the Djinni Warper began the quest for the Orb.
     0 | D        | Garessta set off with the following spells memorised:
                  | Blink, Lesser Beckoning, Gell's Gravitas, Teleport Other,
                  | Manifold Assault.
     0 | D        | Reached XP level 1. HP: 18/18 MP: 0/0
     1 | D        | Noticed a bag of meat
     3 | D        | Became a worshipper of Makhleb the Destroyer
     3 | D        | Noticed a meat berserker
     3 | D        | Noticed a bag of meat
     3 | D        | Noticed a bag of meat
     4 | D        | Killed a meat berserker
     5 | D        | Reached XP level 2. HP: 23/23 MP: 0/0
     5 | D        | Reached XP level 3. HP: 28/28 MP: 0/0
     5 | D        | Learned a level 1 spell: Magic Dart
     5 | D        | Reached XP level 4. HP: 33/33 MP: 0/0
     5 | D        | Reached XP level 5. HP: 38/38 MP: 0/0
     5 | D        | Learned a level 2 spell: Passwall
     5 | D        | Reached XP level 6. HP: 43/43 MP: 0/0
     5 | D        | Reached XP level 7. HP: 49/49 MP: 0/0
     5 | D        | Learned a level 3 spell: Stone Arrow
     5 | D        | Reached XP level 8. HP: 54/54 MP: 0/0
     5 | D        | Reached XP level 9. HP: 58/58 MP: 0/0
     5 | D        | Learned a level 4 spell: Hailstorm
     5 | D        | Reached XP level 10. HP: 64/64 MP: 0/0
     5 | D        | Reached XP level 11. HP: 68/68 MP: 0/0
     5 | D        | Learned a level 5 spell: Lightning Bolt
     5 | D        | Reached XP level 12. HP: 74/74 MP: 0/0
     5 | D        | Noticed a bag of meat
     6 | D        | Noticed a bag of meat
     6 | D        | Noticed a meat berserker
     6 | D        | Noticed a bag of meat
     6 | D        | Noticed a bag of meat
     7 | D        | Killed a bag of meat
     7 | D        | Reached * piety under Makhleb
     7 | D        | Noticed a bag of meat
     7 | D        | Noticed a meat berserker
     8 | D        | Reached skill level 10 in Fighting
     8 | D        | Reached XP level 13. HP: 96/96 MP: 0/0
     8 | D        | Learned a level 5 spell: Metabolic Englaciation
     8 | D        | Noticed a bag of meat
     8 | D        | Noticed a bag of meat
     8 | D        | Noticed a meat berserker
     8 | D        | Noticed a meat berserker
     9 | D        | Noticed a bag of meat
     9 | D        | Noticed a bag of meat
     9 | D        | Noticed a bag of meat
     9 | D        | Noticed a bag of meat
     9 | D        | Noticed a bag of meat
    10 | D        | Killed a bag of meat
    10 | D        | Noticed a bag of meat
    11 | D        | Reached skill level 10 in Spellcasting
    11 | D        | Killed a bag of meat
    11 | D        | Killed a bag of meat
    11 | D        | Reached ** piety under Makhleb
    11 | D        | Killed a bag of meat
    11 | D        | Noticed a bag of meat
    12 | D        | Reached skill level 15 in Spellcasting
    12 | D        | Reached XP level 14. HP: 123/123 MP: 0/0
    12 | D        | Killed a meat berserker
    12 | D        | Killed a bag of meat
    12 | D        | Reached *** piety under Makhleb
    12 | D        | Killed a bag of meat
    12 | D        | Killed a bag of meat
    12 | D        | Killed a meat berserker
    12 | D        | Reached **** piety under Makhleb
    12 | D        | Noticed a bag of meat
    13 | D        | Reached XP level 15. HP: 145/145 MP: 0/0
    13 | D        | Learned a level 6 spell: Statue Form
    13 | D        | Reached XP level 16. HP: 151/151 MP: 0/0
    13 | D        | Killed a meat berserker
    13 | D        | Noticed a meat berserker
    14 | D        | Reached skill level 27 in Fighting
    14 | D        | Reached skill level 10 in Dodging
    14 | D        | Reached XP level 17. HP: 160/160 MP: 0/0
    14 | D        | Learned a level 7 spell: Malign Gateway
    16 | D        | Killed a meat berserker
    16 | D        | Killed a meat berserker
    16 | D        | Noticed a meat berserker
    17 | D        | Reached XP level 18. HP: 167/167 MP: 0/0
    17 | D        | Reached ***** piety under Makhleb
    17 | D        | Killed a meat berserker
    18 | D        | Reached skill level 27 in Dodging
    18 | D        | Reached skill level 27 in Spellcasting
    19 | D        | Reached skill level 5 in Throwing
    19 | D        | Reached skill level 5 in Stealth
    19 | D        | Reached XP level 19. HP: 174/174 MP: 0/0
    19 | D        | Learned a level 6 spell: Dispersal
    20 | D        | Noticed a destroyer
    20 | D        | Killed a destroyer
    20 | D        | Reached ****** piety under Makhleb
    21 | D        | Reached XP level 20. HP: 181/181 MP: 0/0
    21 | D        | Noticed a meat berserker
    22 | D        | Killed a meat berserker
    23 | D        | Reached skill level 15 in Armour
    23 | D        | Reached skill level 15 in Unarmed Combat
    23 | D        | Reached skill level 15 in Invocations
    23 | D        | Noticed a meat berserker
    24 | D        | Killed a meat berserker
    24 | D        | Noticed a meat berserker
    25 | D        | Reached skill level 27 in Axes
    25 | D        | Reached skill level 15 in Throwing
    25 | D        | Reached XP level 21. HP: 187/187 MP: 0/0
    25 | D        | Learned a level 8 spell: Infestation
    25 | D        | Noticed a large bag of meat
    25 | D        | Noticed a meat berserker
    26 | D        | Noticed a meat berserker
    26 | D        | Noticed a destroyer
    27 | D        | Noticed a destroyer
    27 | D        | Killed a destroyer
    27 | D        | Killed a meat berserker
    27 | D        | Killed a meat berserker
    27 | D        | Killed a large bag of meat
    28 | D        | Reached XP level 22. HP: 194/194 MP: 0/0
    28 | D        | Noticed a meat berserker
    28 | D        | Noticed a meat berserker
    29 | D        | Noticed an eight-headed meat hydra
    31 | D        | Killed a meat berserker
    32 | D        | Noticed a meat berserker
    32 | D        | Killed a meat berserker
    32 | D        | Killed a destroyer
    32 | D        | Noticed a destroyer
    32 | D        | Noticed a meat berserker
    33 | D        | Killed a meat berserker
    33 | D        | Noticed a destroyer
    33 | D        | Noticed a meat berserker
    34 | D        | Reached XP level 23. HP: 201/201 MP: 0/0
    34 | D        | Learned a level 7 spell: Haunt
    34 | D        | Killed a destroyer
    35 | D        | Reached skill level 27 in Throwing
    35 | D        | Reached skill level 27 in Armour
    35 | D        | Reached skill level 27 in Stealth
    35 | D        | Reached skill level 27 in Unarmed Combat
    35 | D        | Reached skill level 27 in Invocations
    35 | D        | Reached skill level 1 in Short Blades
    35 | D        | Reached skill level 1 in Long Blades
    35 | D        | Reached skill level 1 in Staves
    35 | D        | Reached skill level 1 in Shields
    35 | D        | Reached skill level 1 in Evocations
    35 | D        | Noticed a destroyer
    37 | D        | Killed a destroyer
    38 | D        | Reached skill level 5 in Short Blades
    38 | D        | Reached skill level 5 in Long Blades
    38 | D        | Reached skill level 5 in Maces & Flails
    38 | D        | Reached skill level 5 in Polearms
    38 | D        | Reached skill level 5 in Staves
    38 | D        | Reached skill level 5 in Ranged Weapons
    38 | D        | Reached XP level 24. HP: 208/208 MP: 0/0
    38 | D        | Killed a destroyer
    39 | D        | Reached skill level 10 in Short Blades
    39 | D        | Reached skill level 10 in Long Blades
    39 | D        | Noticed a destroyer
    39 | D        | Noticed a large bag of meat
    40 | D        | Reached skill level 10 in Maces & Flails
    40 | D        | Reached skill level 10 in Polearms
    40 | D        | Reached skill level 10 in Ranged Weapons
    42 | D        | Noticed a destroyer
    44 | D        | Noticed a destroyer
    46 | D        | Killed a destroyer
    46 | D        | Killed a large bag of meat
    47 | D        | Reached skill level 15 in Shields
    47 | D        | Reached skill level 15 in Evocations
    47 | D        | Reached XP level 25. HP: 214/214 MP: 0/0
    47 | D        | Learned a level 8 spell: Summon Horrible Things
    48 | D        | Killed a destroyer
    49 | D        | Reached skill level 15 in Maces & Flails
    49 | D        | Reached skill level 15 in Polearms
    49 | D        | Reached skill level 15 in Ranged Weapons
    49 | D        | Noticed a tyrant
    50 | D        | Killed a tyrant
    50 | D        | Killed a destroyer
    51 | D        | Reached XP level 26. HP: 221/221 MP: 0/0
    56 | D        | Noticed a tyrant
    57 | D        | Killed a tyrant
    58 | D        | Reached XP level 27. HP: 228/228 MP: 0/0
    58 | D        | Learned a level 9 spell: Fire Storm
    58 | D        | Noticed a tyrant
    59 | D        | Noticed a large bag of meat
    59 | D        | Noticed a meat beast
    60 | D        | Noticed a meat beast
    61 | D        | Noticed a large bag of meat
    61 | D        | Noticed a tyrant
    61 | D        | Noticed The Captor
    62 | D        | Noticed a destroyer
    62 | D        | Killed a destroyer
    63 | D        | Noticed a meat beast
    63 | D        | Killed a meat beast
    63 | D        | Noticed a destroyer
    64 | D        | Reached skill level 27 in Shields
    64 | D        | Reached skill level 27 in Evocations
    64 | D        | Killed a tyrant
    64 | D        | Killed a destroyer
    64 | D        | Noticed a dread
    65 | D        | Reached skill level 27 in Short Blades
    65 | D        | Reached skill level 27 in Long Blades
    65 | D        | Reached skill level 27 in Staves
    65 | D        | Noticed a tyrant
    65 | D        | Noticed a dread
    66 | D        | Noticed a meat beast
    66 | D        | Killed a dread
    66 | D        | Killed a large bag of meat
    66 | D        | Killed a dread
    67 | D        | Reached skill level 27 in Maces & Flails
    67 | D        | Reached skill level 27 in Polearms
    67 | D        | Reached skill level 27 in Ranged Weapons
    67 | D        | Killed a meat beast
    67 | D        | Killed a meat beast
    67 | D        | Noticed a destroyer
    68 | D        | Noticed a meat beast
    68 | D        | Noticed a meat beast
    69 | D        | Killed a large bag of meat
    69 | D        | Noticed a meat beast
    69 | D        | Noticed a destroyer
    70 | D        | Killed a meat beast
    70 | D        | Noticed a meat beast
    70 | D        | Noticed an accursed
    70 | D        | Noticed an accursed
    70 | D        | Noticed an accursed
    71 | D        | Killed a destroyer
    71 | D        | Noticed a meat beast
    71 | D        | Noticed a dread
    71 | D        | Noticed a tyrant
    72 | D        | Killed The Captor
    72 | D        | Killed a meat beast
    72 | D        | Noticed a large bag of meat
    73 | D        | Killed a meat beast
    73 | D        | Killed a meat beast
    73 | D        | Noticed a destroyer
    74 | D        | Killed a destroyer
    74 | D        | Noticed a destroyer
    75 | D        | Killed a meat beast
    75 | D        | Noticed a dread
    76 | D        | Noticed a meat beast
    77 | D        | Killed a destroyer
    77 | D        | Noticed a meat beast
    77 | D        | Noticed a dread
    77 | D        | Slain by a meat berserker

Illustrated notes

Levels and vault maps discovered:
D:        meatsprint

Skill      XL: |  1  2  3  4  5  6  7  8  9 10 11 12 13 14 15 16 17 18 19 20 21 22 23 24 25 26 27 |
---------------+----------------------------------------------------------------------------------+-----
Axes           | 24 25 27 | 27.0
Fighting       | 10 19 26 27 | 27.0
Spellcasting   | 8 15 21 22 25 27 | 27.0
Dodging        | 10 21 27 | 27.0
Throwing       | 5 11 15 18 22 27 | 27.0
Armour         | 6 13 17 22 26 27 | 27.0
Stealth        | 5 11 16 20 23 27 | 27.0
Unarmed Combat | 6 13 18 22 26 27 | 27.0
Invocations    | 6 12 17 22 25 27 | 27.0
Short Blades   | 5 14 19 21 27 | 27.0
Long Blades    | 5 14 19 21 27 | 27.0
Staves         | 5 14 19 20 27 | 27.0
Shields        | 6 15 20 22 27 | 27.0
Evocations     | 6 15 20 22 27 | 27.0
Maces & Flails | 5 13 17 19 27 | 27.0
Polearms       | 5 13 17 19 27 | 27.0
Ranged Weapons | 5 13 17 19 27 | 27.0

Action                   |  1- 3 |  4- 6 |  7- 9 | 10-12 | 13-15 | 16-18 | 19-21 | 22-24 | 25-27 || total
-------------------------+-------+-------+-------+-------+-------+-------+-------+-------+-------++-------
Melee: Executioner's axe |     1 |       |       |     1 |     5 |     8 |    15 |    21 |    49 ||   100
 Cast: Manifold Assault  |       |       |       |       |     1 |     1 |     4 |     4 |    10 ||    20
       Dispersal         |       |       |       |       |       |       |       |     1 |     1 ||     2
       Summon Horrible T |       |       |       |       |       |       |       |       |     1 ||     1
  Use: Scroll            |       |       |       |       |       |       |       |       |     2 ||     2
Armor: Leather armour    |       |       |       |       |       |       |       |       |     1 ||     1

Table legend: (Time is in decaauts)
 A = Elapsed time spent in this place.
 B = Non-inter-level travel time spent in this place.
 C = Inter-level travel time spent in this place.
 D = Time resting spent in this place.
 E = Time spent auto-exploring this place.
 F = Levels seen in this place.
 G = Mean time per level.
                   A        B        C        D        E       F      G
               +--------+--------+--------+--------+--------+-----+--------+
         Total |     64 |     64 |      0 |      0 |      0 |   1 |   64.0 |
       Dungeon |     64 |     64 |      0 |      0 |      0 |   1 |   64.0 |
               +--------+--------+--------+--------+--------+-----+--------+

Top non-repeatable levels by time:
       D: 64 daAuts
